Unix NetHack Version 5.0.0-0 post-release - last build Jun 10 2026 00:39:30 (3ee93aec679c4c4259841fe613dc97188e26a321,branch:main).

Game began 2026-06-21 16:50:58, ended 2026-06-21 22:33:19.

IanCurtis, chaotic male elven Wizard

                                                                    --------
                     ######)####[###################################...<...|
                       #---------------------------------       #   |......|
                       #|................)..............|    ####   -+--.---
                        |.----....-----@----+--..-----..+#####   #
                        |.|..|---.|...-@|..|  |.*|((!|..|#
                        |.|..|((|.|.!.|@-f.|  |..|(((|..|#
                        |.-|-|((|.|...|@---|----.| ..|..|#
                        |....|..|.|...|....|...|.---|-...#
                        |.{..-|--.----|....-...|........|
                        |..........|  |+--.-----..-----.|
                        |....-|--..-..|  |........|..%|.|
                        |.-+-|..|.----|  |-+--....-.%.|.|
                        |.|  |..|.|...|--|...|---.-----..
                        |.|  |---.-.%%|..|...|  |.......|
                        |.|  |....|./!|..|...|  +.......|
                        |.----....-----|---------.....{.|
                        |...............................|
                        ---------------------------------

IanCurtis the Thaumaturge  St:11 Dx:14 Co:14 In:19 Wi:10 Ch:11  Chaotic
Dlvl:6  $:0  HP:0(44) Pw:61(83) AC:5  Xp:7 T:5270  Burdened

Latest messages:
 What do you want to zap? [c or ?*] ?
 Never mind.
 What do you want to read? [i-mpszDJLO or ?*] k
 As you read the scroll, it disappears.
 You materialize in a different location!
 In what direction? k
 The door closes.
 What do you want to drink? [ghuH or ?*] ?
 You feel better.
 The hobbit opens a door.
 In what direction? k
 The spell hits the hobbit!
 You kill the hobbit!
 You have trouble lifting a hobbit corpse.  Continue? [ynq] (q) y
 You have trouble lifting U - a hobbit corpse.
 You rebalance your load.  Movement is difficult.
 You drop an uncursed spellbook of cure blindness.
 You drop a blessed spellbook of force bolt.
 Your movements are only slowed slightly by your load.
 You drop an uncursed spellbook of protection.
 You hear the splashing of a naiad.
 The watchman throws a knife!
 The knife misses the watch captain.
 A knife misses you.
 In what direction? k
 The spell misses the watch captain.
 The spell misses the watchman.
 The watchman throws a spear!
 The spear misses the watchman.
 The spear misses the watch captain.
 The spear misses the housecat.
 You are hit by a spear.
 The watchman throws a spear!
 The spear hits the watchman.
 In what direction? k
 The spell misses the watch captain.
 The spell misses the watchman.
 The spell misses the watchman.
 The watch captain swings his silver saber.
 The watch captain hits!
 The watch captain swings his silver saber.
 The watch captain hits again!
 The watchman picks up a spear.
 In what direction? k
 The spell hits the watch captain!
 The spell misses the watchman.
 The watch captain swings his silver saber.
 The watch captain hits!
 You die...
 Do you want your possessions identified? [ynq] (y) q

Inventory:
 Weapons  (')')
  a - the rustproof +0 Magicbane (weapon in right hand)
  F - the +0 Orcrist
  x - a blessed +1 quarterstaff
 Armor    ('[')
  M - an uncursed +0 orcish helm (being worn)
  R - an uncursed +0 pair of leather gloves (being worn)
  Q - an uncursed +0 pair of high boots (being worn)
  b - a blessed +0 cloak of magic resistance (being worn)
 Comestibles  ('%')
  S - an uncursed food ration
  T - an uncursed partly eaten food ration
  U - an uncursed hobbit corpse
 Scrolls  ('?')
  i - a blessed scroll of confuse monster
  z - an uncursed scroll of destroy armor
  p - 2 uncursed scrolls of enchant armor
  s - 4 uncursed scrolls of identify named identify
  L - 2 uncursed scrolls of light
  D - an uncursed scroll of magic mapping
  J - an uncursed scroll of punishment
  j - an uncursed scroll of remove curse
 Potions  ('!')
  H - an uncursed potion of healing
  h - an uncursed potion of monster detection
  g - an uncursed potion of paralysis
  u - an uncursed potion of sleeping
 Rings    ('=')
  C - an uncursed ring of conflict
  t - a cursed -1 ring of gain constitution named cursed
  e - an uncursed +1 ring of gain strength
 Wands    ('/')
  c - a wand of locking (0:8)
 Tools    ('(')
  o - an uncursed leather drum
  n - a magic marker (0:19)

IanCurtis the Wizard's attributes:

Background:
 You were a Thaumaturge, a level 7 male elven Wizard.
 You were chaotic, on a mission for Anhur
 who was opposed by Ptah (lawful) and Thoth (neutral).
 You were right-handed.
 You were in the Gnomish Mines, on level 6.
 You entered the dungeon 5270 turns ago.
 It was nighttime.
 You had 722 experience points, 558 more were needed to attain level 8.

Basics:
 You had 0 out of 44 hit points.
 You had 61 out of 83 energy points (spell power).
 Your armor class was 5.
 Your wallet was empty.
 Autopickup was off.

Final Characteristics:
 Your strength was 11 (limit:18).
 Your dexterity was 14 (limit:18).
 Your constitution was 14 (limit:16).
 Your intelligence was 19 (limit:20).
 Your wisdom was 10 (limit:20).
 Your charisma was 11 (limit:18).

Final Status:
 You weren't hungry.
 You were burdened; movement was slightly slowed.
 You were wielding a dagger.
 You had basic skill with dagger.

Final Attributes:
 You were piously aligned.
 You were magic-protected.
 You were sleep resistant.
 You were telepathic.
 You had infravision.
 You were warded.
 You were unlucky.
 You are dead.

Miscellaneous:
 You didn't encounter any bones levels.
 Total elapsed playing time was 39 minutes and 39 seconds.

Major events:
 Turn
    1: IanCurtis the chaotic male elven Wizard entered the dungeon
  826: attained the rank of Conjurer (level 3)
 1042: became literate by naming Orcrist
 1500: entered the Gnomish Mines
 3322: was bestowed with Magicbane by Anhur
 3849: attained the rank of Thaumaturge (level 6)
 4534: reached Mine Town
 5270: killed by a watch captain

Spells:
 Name                 Level Category     Fail Retention
 force bolt             1   attack         0%   71%-75%
 protection             1   clerical       0%   51%-75%
 cure blindness         2   healing       54%  76%-100%

Skills:
 Fighting Skills
   bare handed combat [Unskilled]
   riding             [Unskilled]
 Weapon Skills
   dagger             [Basic]
   knife              [Unskilled]
   axe                [Unskilled]
   short sword        [Unskilled]
   club               [Unskilled]
   mace               [Unskilled]
   quarterstaff       [Basic]
   polearms           [Unskilled]
   spear              [Unskilled]
   trident            [Unskilled]
   sling              [Unskilled]
   dart               [Unskilled]
   shuriken           [Unskilled]
 Spellcasting Skills
   attack spells      [Skilled]
   healing spells     [Unskilled]
   divination spells  [Unskilled]
   enchantment spells [Basic]
   clerical spells    [Unskilled]
   escape spells      [Unskilled]
   matter spells      [Unskilled]

Voluntary challenges:
 Character rerolling was not enabled.
 You never genocided any monsters.
 You never polymorphed an object.
 You never changed form.
 You used no wishes.
Achievements:
 You entered a shop.
 You attained the rank of Conjurer.
 You entered the Gnomish Mines.
 You attained the rank of Thaumaturge.
 You entered Minetown.
 You entered a temple.

 The Dungeons of Doom: levels 1 to 5
    Level 1: "vault"
    Level 2:
       A general store, an altar to Anhur, a fountain.
    Level 3: "vault"
       Stairs down to The Gnomish Mines.
    Level 4:
       A general store, an altar, a fountain.
    Level 5:
       A fountain.
 The Gnomish Mines: levels 4 to 6
    Level 4:
    Level 5:
    Level 6: <- You were here.
       Many shops, a temple and an altar to Anhur, some fountains.
       Final resting place for
          you, killed by a watch captain.


Vanquished creatures:
  a small mimic
  a gnome ruler
  a snake
  a wood nymph
  a fog cloud
  a yellow light
  2 shriekers
  2 violet fungi
  2 gnome leaders
  3 gnomish wizards
  a giant ant
  2 floating eyes
  2 kittens
  7 dwarves
  a homunculus
  a giant bat
  a monkey
 an orc zombie
  3 dwarf zombies
  a werejackal
  4 iguanas
 an acid blob
  2 gas spores
  3 hobbits
  a large kobold
  3 hobgoblins
  a giant rat
  3 cave spiders
  2 brown molds
  4 yellow molds
  a green mold
  3 red molds
 17 gnomes
  3 gnome zombies
  3 geckos
  7 jackals
  a kobold
  a goblin
  a sewer rat
  6 grid bugs
 10 lichens
  2 kobold zombies
  9 newts
123 creatures vanquished.

No species were genocided or became extinct.

Game over:
                       ----------
                      /          \
                     /    REST    \
                    /      IN      \
                   /     PEACE      \
                  /                  \
                  |    IanCurtis     |
                  |       0 Au       |
                  |   killed by a    |
                  |  watch captain   |
                  |                  |
                  |                  |
                  |       2026       |
                 *|     *  *  *      | *
        _________)/\\_//(\/(/\)/\//\/|_)_______

Goodbye IanCurtis the Wizard...

You died in The Gnomish Mines on dungeon level 6 with 3148 points,
and 0 pieces of gold, after 5270 moves.
You were level 7 with a maximum of 44 hit points when you died.

